 Dungeon Crawl Stone Soup version 0.32-a0-872-g59262bdc9b (webtiles) character file.

Game seed: 3149808581467731728

654 backslashecho the Cudgeller (level 7, -7/74 HPs)
             Began as an Oni Warper on Mar 30, 2024.
             Mangled by an ogre
             ... wielding a +0 giant club
              (25 damage)
             ... on level 5 of the Dungeon.
             The game lasted 00:09:35 (6118 turns).

backslashecho the Cudgeller (Oni Warper)            Turns: 6118, Time: 00:09:35

Health: -7/74      AC:  3    Str: 16    XL:     7   Next: 54%
Magic:  19/19      EV:  9    Int: 16    God:
Gold:   309        SH:  0    Dex:  8    Spells: 10/10 levels left

rFire   . . .        a - +0 mace
rCold   . . .        (no shield)
rNeg    . . .        b - +0 robe
rPois   .            (helmet restricted)
rElec   .            (no cloak)
rCorr   +            (gloves unavailable)
SInv    .            (boots unavailable)
Will    .....        (no amulet)
Stlth   +            k - ring of resist corrosion
HPRegen 0.32/turn    n - ring of magical power
MPRegen 0.16/turn

%: no passive effects
@: no status effects
A: large, unfitting armour, horns 1, tough skin 1, double potion healing,
drunken brawling
a: no special abilities


You were on level 5 of the Dungeon.
You visited 1 branch of the dungeon, and saw 5 of its levels.
You also visited: Sewer.

You collected 309 gold pieces.

Inventory:

Hand Weapons
 a - a +0 mace (weapon)
Missiles
 d - 7 darts of dispersal
 h - a poisoned dart (quivered)
 j - 5 atropa-tipped darts
Armour
 b - a +0 robe (worn)
Jewellery
 k - a ring of resist corrosion (left hand)
 n - a ring of magical power (right hand)
Talismans
 f - a flux talisman
Wands
 w - a wand of paralysis (1)
Scrolls
 c - a scroll of blinking
 e - 5 scrolls of fear {unknown}
 g - a scroll of vulnerability {unknown}
 m - 2 scrolls of revelation {unknown}
 o - a scroll of summoning {unknown}
 p - a scroll of poison {unknown}
 u - a scroll of fog {unknown}
 y - 3 scrolls of teleportation {unknown}
 z - a scroll of enchant armour {unknown}
 C - a scroll of identify {unknown}
 E - a scroll of immolation {unknown}
 F - a scroll of noise {unknown}
Potions
 i - a potion of lignification {unknown}
 l - 3 potions of heal wounds {unknown}
 q - a potion of curing
 r - 3 potions of magic {unknown}
 s - 2 potions of brilliance {unknown}
 t - a potion of enlightenment {unknown}
 v - a potion of berserk rage
 x - a potion of ambrosia {unknown}
 A - a potion of might {unknown}
 B - a potion of mutation {unknown}
 D - 2 potions of resistance {unknown}


   Skills:
 + Level 5.7 Fighting
 * Level 6.0 Maces & Flails
 - Level 1.0 Throwing
 + Level 4.1 Dodging
 - Level 2.4 Spellcasting
 - Level 2.6 Translocations


You had 10 spell levels left.
You didn't know any spells.
Your spell library contained the following spells:

 Spells                   Type           Power      Damage    Failure   Level
 Blink                    Tloc           20%        N/A       10%         2
 Lesser Beckoning         Tloc           20%        N/A       10%         2
 Summon Small Mammal      Summ           4%         N/A       21%         1
 Teleport Other           Tloc           10%        N/A       21%         3
 Call Canine Familiar     Summ           1%         N/A       52%         3
 Dazzling Flash           Conj/Hex       2%         N/A       52%         3
 Frozen Ramparts          Ice            2%         1d1       52%         3
 Ozocubu's Armour         Ice            1%         N/A       52%         3
 Maxwell's Portable Pile  Tloc           10%        2d(7-13)  54%         4
 Vhi's Electric Charge    Tloc/Air       12%        N/A       75%         4
 Summon Blazeheart Golem  Fire/Summ      1%         N/A       89%         4
 Metabolic Englaciation   Hex/Ice        0%         N/A       99%         5
 Starburst                Conj/Fire      0%         6d3       100%        6
 Maxwell's Capacitive Co  Air            0%         ∞         100%        8


Dungeon Overview and Level Annotations

Branches:
Dungeon (5/15)              Sewer (visited)
 Temple: D:4-7

Altars:
Cheibriados
Wu Jian
The Shining One

Shops:
D:4 [


Innate Abilities, Weirdness & Mutations

You are too large for most types of armour.
You have a pair of small horns on your head.
You have tough skin. (AC +1)
You gain doubled healing and magic from potions.
Whenever you drink a healing potion, you attack all around you.


Message History

The helpless water moccasin fails to defend itself.
You hit the water moccasin. You headbutt the water moccasin.
The water moccasin is almost dead.
* * * LOW HITPOINT WARNING * * *
You feel very sick.
You take 3 damage, and have 6/72 hp.
The helpless water moccasin fails to defend itself.
You hit the water moccasin.
The water moccasin is almost dead.
* * * LOW HITPOINT WARNING * * *
You feel sick.
You take 1 damage, and have 5/72 hp.
The helpless water moccasin fails to defend itself.
You hit the water moccasin.
You kill the water moccasin!
* * * LOW HITPOINT WARNING * * *
You feel sick.
Your Dodging skill increases to level 4!
You take 1 damage, and have 4/74 hp.
* * * LOW HITPOINT WARNING * * *
You feel sick.
There is an open door here.
You take 1 damage, and have 3/74 hp.
* * * LOW HITPOINT WARNING * * *
You feel sick.
You take 1 damage, and have 2/74 hp.
* * * LOW HITPOINT WARNING * * *
You feel sick.
* * * LOW HITPOINT WARNING * * *
You feel sick.
You are no longer poisoned.
There is a stone staircase leading up here.
You take 1 damage, and have 1/74 hp.
You climb upwards.
There is a stone staircase leading down here.
HP restored.
Done exploring.
Health restored: 74 You climb downwards.
There is a stone staircase leading up here.
You open the door.
An adder comes into view.
The adder hisses angrily.
There is an open door here.
An adder is nearby!
You hit the adder but do no damage. Your headbutt misses the adder.
The adder bites you. The adder completely misses you.
You take 3 damage, and have 71/74 hp.
You hit the adder.
The adder is heavily wounded.
The adder bites you but does no damage.
You miss the adder. You headbutt the adder.
The adder is almost dead.
The adder bites you.
You are poisoned.
The adder poisons you! The adder bites you.
You take 4 damage, and have 68/74 hp.
You hit the adder.
You kill the adder!
You feel sick.
Your Maces & Flails skill increases to level 6!
You take 2 damage, and have 66/74 hp.
No target in view!
You feel sick.
You see here an adder corpse.
You feel sick.
You are no longer poisoned.
HP restored.
r - 3 murky white potions (gained 2)
An ogre comes into view. It is wielding a +0 giant club.
The ogre moves out of view.
Health restored: 74 An ogre is nearby!
An ogre is nearby!
You throw a poisoned dart. The poisoned dart hits the ogre.
The ogre is poisoned.
You barely miss the ogre. Your headbutt misses the ogre.
The ogre hits you with a +0 giant club!!
You take 26 damage, and have 48/74 hp.
MASSIVE DAMAGE!!
You hit the ogre.
You headbutt the ogre, but do no damage.
The ogre is lightly wounded.
The ogre hits you with a +0 giant club!!
* * * LOW HITPOINT WARNING * * *
You take 30 damage, and have 18/74 hp.
MASSIVE DAMAGE!!
You are too injured to fight recklessly!
You take a swig of the potion and twirl your +0 mace.
You barely miss the ogre.
The ogre is moderately wounded.
You savour every drop.
You feel better.
You regained 19 hp, and now have 37/74 hp.
You hit the ogre. Your headbutt misses the ogre.
The ogre is heavily wounded.
The ogre hits you with a +0 giant club!!
* * * LOW HITPOINT WARNING * * *
You take 19 damage, and have 18/74 hp.
MASSIVE DAMAGE!!
You completely miss the ogre. Your headbutt misses the ogre.
The ogre is heavily wounded.
The ogre hits you with a +0 giant club!!
You die...

#... ... #...######
.... #........#
....##........#
..............########
.............#.....#
.(.........#.....##.
#O..##.†..'........
#.@.##...##<....##
#.......÷##.....##
#........#...(...+
#........'......## ...
#........#......# ...
+........##.....# ..
#........######+# #.
#..###...#
#.##+#########


You could see an ogre (poisoned).

Vanquished Creatures
  A water moccasin (D:5)
  2 crocodiles (Sewer)
  A bombardier beetle (D:3)
  A hound (D:4)
  An orc priest (D:3)
  11 adders
  3 river rats (Sewer)
  5 dart slugs
  7 ribbon worms
  4 orcs
  10 bats
  7 endoplasms
  9 giant cockroaches
  13 hobgoblins
  4 jackals
  5 quokkas
  15 ball pythons
  9 frilled lizards
  9 goblins
  8 kobolds
  12 rats
137 creatures vanquished.

Notes
Turn   | Place    | Note
-------+----------+-------------------------------------------
     0 | D:1      | backslashecho the Oni Warper began the quest for the Orb.
     0 | D:1      | Reached XP level 1. HP: 22/22 MP: 3/3
   149 | D:1      | Reached XP level 2. HP: 29/29 MP: 5/5
   500 | D:1      | Reached XP level 3. HP: 22/37 MP: 6/6
   815 | D:1      | Reached skill level 3 in Maces & Flails
  1423 | D:2      | Reached XP level 4. HP: 40/48 MP: 7/7
  1844 | D:2      | Reached XP level 5. HP: 46/54 MP: 8/8
  2580 | D:3      | Reached skill level 4 in Maces & Flails
  2813 | D:3      | Found a glowing golden altar of the Shining One.
  2997 | D:3      | Found a faded altar of an unknown god.
  3054 | D:3      | Found an ornate altar of the Wu Jian Council.
  3271 | D:3      | Reached XP level 6. HP: 45/63 MP: 9/9
  3954 | D:4      | Found a glowing drain.
  3958 | Sewer    | Entered a sewer
  4335 | Sewer    | Reached skill level 5 in Fighting
  4335 | Sewer    | Reached skill level 5 in Maces & Flails
  4553 | Sewer    | Reached XP level 7. HP: 50/72 MP: 10/10
  5522 | D:4      | Found a snail-covered altar of Cheibriados.
  5547 | D:4      | Found Eseus's Armour Shop.
  5768 | D:5      | Entered Level 5 of the Dungeon
  5837 | D:5      | HP: 3/74 [poisoned by a water moccasin]
  5840 | D:5      | HP: 1/74 [poisoned by a water moccasin]
  6078 | D:5      | Reached skill level 6 in Maces & Flails
  6118 | D:5      | Mangled by an ogre

Illustrated notes

Levels and vault maps discovered:
D:1:      heliophobic_arrival_ceremonial_halls, layout_loops_ring,
          chequers_serial_rivers_large_b, minmay_nonomino_d4
D:2:      minmay_chambers_of_twos, layout_basic, grunt_ministairs_6
D:3:      layout_basic, mainiacjoe_overflow_tiny_flanked,
          nicolae_overflow_crystal_walls, dilly_ecumenical_altar_fadedgnrine,
          kennysheep_generic_room_6
D:4:      layout_loops_cross, kennysheep_slug_shrine, serial_shops,
          nicolae_shop_hallway_plus, mainiacjoe_sewer_entry_somewhere_in_here_2,
          minmay_hedge_maze, minmay_bisected
D:5:      layout_gridville, tgw_kikubaaqudgha, dreamdust_princess_corridor

Skill      XL: |  1  2  3  4  5  6  7 |
---------------+----------------------+-----
Fighting       | 3 4 5 |  5.7
Maces & Flails | 3 4 5 6 |  6.0
Dodging        | 3 4 |  4.1
Throwing       | |  1.0
Spellcasting   | |  2.4
Translocations | |  2.6

Action                     |  1- 3 |  4- 6 |  7- 9 || total
---------------------------+-------+-------+-------++-------
  Melee: Mace              |   121 |   242 |    81 ||   444
         Headbutt          |    15 |    39 |    13 ||    67
  Throw: Dart              |       |     1 |     1 ||     2
  Evoke: Wand              |       |     4 |     1 ||     5
    Use: Potion            |       |     3 |     2 ||     5
   Stab: Paralysed         |       |     4 |     4 ||     8
 Armour: Robe              |   110 |   177 |    61 ||   348
  Dodge: Dodged            |    63 |   103 |    28 ||   194

Table legend: (Time is in decaauts)
 A = Elapsed time spent in this place.
 B = Non-inter-level travel time spent in this place.
 C = Inter-level travel time spent in this place.
 D = Time resting spent in this place.
 E = Time spent auto-exploring this place.
 F = Levels seen in this place.
 G = Mean time per level.
                   A        B        C        D        E       F      G
               +--------+--------+--------+--------+--------+-----+--------+
         Total |   6215 |   5963 |    252 |    203 |   4412 |   6 | 1035.8 |
       Dungeon |   5090 |   4838 |    252 |      4 |   3737 |   5 | 1018.0 |
         Sewer |   1124 |   1124 |      0 |    199 |    675 |   1 | 1124.0 |
               +--------+--------+--------+--------+--------+-----+--------+

Top non-repeatable levels by time:
     D:2: 1552 daAuts
     D:1: 1233 daAuts
   Sewer: 1124 daAuts
     D:4: 1107 daAuts
     D:3: 1106 daAuts
     D:5: 90 daAuts
